 Dungeon Crawl Stone Soup version 0.15.0-18-g9076a4f (webtiles) character file.

114 Kashira the Changer (level 4, -3/38 HPs)
             Began as a Naga Transmuter on Sept 7, 2014.
             Killed from afar by Sigmund (10 damage)
             ... with a puff of flame
             ... on Level 3 of the Dungeon.
             The game lasted 00:09:36 (2866 turns).

Kashira the Changer (Naga Transmuter)               Turns: 2866, Time: 00:09:36

HP  -3/38        AC  2     Str 12      XL: 4   Next: 98%
MP   2/7         EV 10     Int 15      God:
Gold 193         SH  0     Dex 11      Spells:  2 memorised,  3 levels left

rFire  . . .     SeeInvis +       - Unarmed
rCold  . . .     Clarity  .     c - +0 robe
rNeg   + . .     rCorr    .     (no shield)
rPois  +         rRot     .     (no helmet)
rElec  .         Spirit   .     (no cloak)
SustAb .         Warding  +     (no gloves)
rMut   .         Stasis   .     (no barding)
Gourm  .                        o - amulet of warding
MR     .....                    (no ring)
                                (no ring)

@: confused, very slightly contaminated, hasted, quick, not resistant to hostile
enchantments, very unstealthy
A: spit poison, see invisible, deformed body, poison resistance, slowness 2, AC
+1
a: Spit Poison


You were on level 3 of the Dungeon.
You were hungry.

You visited 1 branch of the dungeon, and saw 3 of its levels.

You collected 193 gold pieces.

Inventory:

Missiles
 b - 49 arrows
Armour
 c - a +0 robe (worn)
Comestibles
 i - 3 meat rations
 n - a bread ration
 p - a slice of pizza
 q - 4 fruits
 r - 2 rotting chunks of gnoll flesh
 s - a royal jelly
Scrolls
 e - 2 scrolls of teleportation {unknown}
 f - 2 scrolls of remove curse {unknown}
 h - a scroll of recharging {unknown}
 j - a scroll of amnesia {unknown}
 t - a scroll of magic mapping {unknown}
Jewellery
 o - an amulet of warding (around neck)
Potions
 a - a potion of porridge
 g - a potion of haste
 k - a potion of resistance {unknown}
 l - a potion of curing {unknown}
 m - a potion of poison {unknown}
Books
 d - a book of Changes

   Spells                             Type                      Level
   *Beastly Appendage                 Transmutation                1
   Sticks to Snakes                   Transmutation                2
   *Spider Form                       Transmutation/Poison         3
   Ice Form                           Ice/Transmutation            4
   Blade Hands                        Transmutation                5


   Skills:
 - Level 1.0 Fighting
 - Level 1.7 Dodging
 - Level 3.2 Unarmed Combat
 - Level 2.0 Spellcasting
 * Level 4.4 Transmutations
 + Level 1.5 Poison Magic


You had 3 spell levels left.
You knew the following spells:

 Your Spells              Type           Power        Failure   Level  Hunger
a - Beastly Appendage     Trmt           ##....       4%          1    #......
b - Spider Form           Trmt/Pois      ##........   21%         3    ####...


Dungeon Overview and Level Annotations

Branches:
Dungeon (3/15)

Altars:
Cheibriados
Fedhas
Zin
The Shining One

Annotations:
D:3 Sigmund


Innate Abilities, Weirdness & Mutations

You cannot wear boots.
You can spit poison.
Your serpentine skin is tough (AC +1).
You have supernaturally acute eyesight.
Armour fits poorly on your strangely shaped body.
Your system is resistant to poisons.
You cover ground very slowly.


Message History

Confirm with . or Enter, or press ? or * to list all spells.
Okay, then.
Drink which item? (? for menu, Esc to quit)
You feel yourself speed up.
It was a potion of haste.
Sigmund casts a spell.
Sigmund flickers and vanishes for a moment.
Sigmund gestures at you while chanting.
You are confused.
Ouch!
Sigmund says, "Now you see me, now you don't..."
Sigmund casts a spell at you. The magic dart hits you!
* * * LOW HITPOINT WARNING * * *
Sigmund gestures at you while chanting.
You are more confused.
Ouch! Ouch! Sigmund casts a spell at you. The puff of flame hits you!
You die...

### ######### #.########
#...@...# #........#
#.#####.#######.######%#
#. #@#........##....#
######## #.
#.#.#########....#
#......# #. #.#.#####
#..#.# #......#
#.#####@#.....#####..#.#
.......#
#....................#.#
#......#
#######.#####.###....#.#
#####.## .
...........#....#.# #.#
##.#####.#####.#....(....
#####.# #..#.....###
#.#......#.. #.....#
#.##.##....###.#.........
#.....#
#.##...........#....#....
#.....#
#.####.....#####........#


You could see Sigmund (invisible).

Vanquished Creatures
  2 gnolls (D:3)
  2 adders
  3 giant geckos (D:2)
  An ooze (D:3)
  2 orcs
  2 giant cockroaches (D:2)
  13 hobgoblins
  16 jackals
  4 bats
  2 giant newts (D:2)
  9 goblins
  4 kobolds (D:1)
  A quokka (D:2)
  6 rats
67 creatures vanquished.

Notes
Turn   | Place    | Note
--------------------------------------------------------------
     0 | D:1      | Kashira, the Naga Transmuter, began the quest for the Orb.
     0 | D:1      | Reached XP level 1. HP: 18/18 MP: 3/3
   525 | D:1      | Reached XP level 2. HP: 11/25 MP: 2/4
  1219 | D:1      | Reached XP level 3. HP: 18/31 MP: 4/6
  1226 | D:1      | Learned a level 3 spell: Spider Form
  1920 | D:2      | Found a glowing silver altar of Zin.
  1931 | D:2      | Reached XP level 4. HP: 38/38 MP: 7/7
  2157 | D:2      | Reached skill level 4 in Transmutations
  2408 | D:3      | Found a glowing golden altar of the Shining One.
  2565 | D:3      | Found a snail-covered altar of Cheibriados.
  2580 | D:3      | Found a blossoming altar of Fedhas.
  2654 | D:3      | Reached skill level 1 in Poison Magic
  2848 | D:3      | Noticed Sigmund
  2866 | D:3      | Killed from afar by Sigmund

Action                   |  1- 3 |  4- 6 || total
-------------------------+-------+-------++-------
Melee: Unarmed           |    70 |    56 ||   126
 Cast: Beastly Appendage |    12 |     3 ||    15
       Spider Form       |       |     6 ||     6
 Abil: Spit Poison       |    34 |    20 ||    54
  Use: Potion            |       |     1 ||     1
  Eat: Chunk             |     1 |     5 ||     6
       Bread ration      |     1 |       ||     1
